 Dungeon Crawl Stone Soup version 0.29-a0-275-g389c0b56f3 (webtiles) character file.

Game seed: 9484650613751548332

7735 horus123 the Destroyer (level 10, -27/69 HPs)
             Began as a Demigod Conjurer on Mar 11, 2022.
             Killed from afar by an ogre mage (29 damage)
             ... with a bolt of magma
             ... on level 9 of the Dungeon.
             The game lasted 00:32:23 (11613 turns).

horus123 the Destroyer (Demigod Conjurer)          Turns: 11613, Time: 00:32:24

Health: -27/69     AC:  9    Str:  8    XL:     10   Next: 69%
Magic:  20/24      EV: 12    Int: 38    God:
Gold:   29         SH:  0    Dex: 18    Spells: 3/23 levels left

rFire   . . .      SeeInvis .   u - +8 hand axe "Nuiw" {pain, rElec Will+ rCorr}
rCold   . . .      Faith    .   (no shield)
rNeg    + . .      Spirit   .   A - +2 robe {rN+}
rPois   .          Reflect  .   o - +0 helmet
rElec   +          Harm     .   w - +1 cloak
rCorr   +          Rampage  .   v - +0 pair of gloves
Will    ++...                   s - +0 pair of boots
Stlth   ++........              (no amulet)
HPRegen 0.21/turn               t - +6 ring of dexterity
MPRegen 0.19/turn               x - +6 ring of intelligence

@: no status effects
A: high MP 1, forlorn, divine attributes
a: no special abilities


You were on level 9 of the Dungeon.
You visited 1 branch of the dungeon, and saw 9 of its levels.

You collected 509 gold pieces.
You spent 480 gold pieces at shops.

Inventory:

Hand Weapons
 d - a +0 mace
 l - a +1 dagger of draining
 u - the +8 hand axe "Nuiw" (weapon) {pain, rElec Will+ rCorr}
   (You took it off a gnoll on level 5 of the Dungeon)

   In the hands of one skilled in necromantic magic, it inflicts extra damage on
   living creatures.
   rElec:     It insulates you from electricity.
   rCorr:     It protects you from acid and corrosion.
   Will:      It increases your willpower.
Armour
 o - a +0 helmet (worn)
 s - a +0 pair of boots (worn)
 v - a +0 pair of gloves (worn)
 w - a +1 cloak (worn)
 A - a +2 robe of positive energy (worn)
Jewellery
 f - a ring of positive energy
 m - a ring of protection from cold
 t - a +6 ring of dexterity (left hand)
 x - a +6 ring of intelligence (right hand)
Wands
 a - a wand of acid (4)
 r - a wand of polymorph (15)
 y - a wand of digging (1)
Scrolls
 c - 4 scrolls of teleportation
 g - 2 scrolls of amnesia
 z - a scroll of fear
Potions
 e - 4 potions of lignification
 h - 3 potions of invisibility
 i - 2 potions of degeneration
 j - 7 potions of curing
 k - 4 potions of attraction
 n - 2 potions of flight
 p - 2 potions of mutation
 q - 4 potions of might
 C - a potion of brilliance {unknown}


   Skills:
 - Level 1.7 Dodging
 - Level 1.7 Stealth
 - Level 7.1 Spellcasting
 - Level 8.0 Conjurations
 - Level 7.0 Translocations
 + Level 2.1 Fire Magic
 - Level 6.2 Ice Magic
 - Level 6.1 Air Magic


You had 3 spell levels left.
You knew the following spells:

 Your Spells              Type           Power      Damage    Failure   Level
a - Magic Dart            Conj           100%       1d8       1%          1
b - Searing Ray           Conj           100%       2d8       1%          2
c - Iskenderun's Mystic   Conj/Tloc      63%        2d13      1%          4
d - Freezing Cloud        Conj/Ice/Air   30%        6-21      4%          5
e - Ignite Poison         Fire/Tmut/Pois 18%        N/A       6%          3
f - Mephitic Cloud        Conj/Pois/Air  49%        N/A       1%          3
g - Poisonous Vapours     Pois/Air       72%        N/A       1%          2

Your spell library contained the following spells:

 Spells                   Type           Power      Damage    Failure   Level
 Shock                    Conj/Air       100%       1d9       1%          1
 Blink                    Tloc           100%       N/A       1%          2
 Corpse Rot               Necr/Air       72%        N/A       1%          2
 Static Discharge         Conj/Air       61%        N/A       1%          2
 Dazzling Flash           Conj/Hex       88%        N/A       1%          3
 Stone Arrow              Conj/Erth      88%        3d12      1%          3
 Swiftness                Air            57%        N/A       1%          3
 Airstrike                Air            28%        N/A       2%          4
 Sticky Flame             Conj/Fire      51%        2d7       3%          4
 Manifold Assault         Tloc           61%        N/A       4%          5
 Fulminant Prism          Conj/Hex       22%        3d13      5%          4
 Animate Armour           Summ/Erth      26%        N/A       26%         4
 Dispel Undead            Necr           13%        3d9       26%         4
 Storm Form               Tmut/Air       18%        N/A       100%        7
 Lehudib's Crystal Spear  Conj/Erth      22%        10d6      100%        8


Dungeon Overview and Level Annotations

Branches:
Dungeon (9/15)             Temple (0/1) D:4
   Lair: D:8-11         Orc: D:9-12

Shops:
D:2 ?:[=[   D:3 *


Innate Abilities, Weirdness & Mutations

You have an increased reservoir of magic. (+10% MP)
You shall have no god before yourself.
Your divine heritage dramatically boosts your attributes as you level up.


Message History

The ogre mage casts a spell at you. You resist with almost no effort.
The kobold brigand shoots a bolt.
The bolt hits you.
The ogre mage points at you and mumbles some strange words.
You resist with almost no effort.
The orc warrior hits you with a +0 long sword!
The kobold brigand shoots a bolt.
The bolt hits you. The ogre mage hits you with a +0 flail!
The orc warrior hits you with a +0 long sword!
* * * LOW HITPOINT WARNING * * *
The kobold brigand shoots a bolt.
The bolt hits you but does no damage.
You can move again.
Unknown command.
Magic courses through your body. The ogre mage barely misses you.
The orc warrior misses you.
The kobold brigand shoots a bolt.
The bolt hits you but does no damage.
Casting: Freezing Cloud (dangerous; 4% risk of failure)
Confirm with . or Enter, or press ? or * to list all spells.
Aiming: Freezing Cloud (dangerous; 4% risk of failure)
Press: ? - help, Dir - move target That beam is likely to hit you.
Continue anyway?
Okay, then.
Unknown command.
Casting: Freezing Cloud (dangerous; 4% risk of failure)
Confirm with . or Enter, or press ? or * to list all spells.
Aiming: Freezing Cloud (dangerous; 4% risk of failure)
Press: ? - help, Dir - move target The orc warrior hits you with a +0 long sword!
* * * LOW HITPOINT WARNING * * *
The ogre mage hits you with a +0 flail.
* * * LOW HITPOINT WARNING * * *
The kobold brigand shoots a bolt.
The bolt hits you but does no damage.
The gnoll shaman calls down the wrath of its god upon you.
You resist with almost no effort.
The kobold brigand shoots a bolt.
The bolt hits you.
* * * LOW HITPOINT WARNING * * *
You see here a +0 hat.
The ogre mage gestures at you while chanting.
The bolt of magma hits you!!
You die...

#....≈≈≈.#.# #...P≈≈###'# ....#
#....≈≈#...#############''''###
#....≈≈#...#...........go......
#....≈≈#####≈[≈≈≈≈≈≈≈≈≈≈○o..≈≈≈
#....≈≈≈≈≈≈≈≈≈≈≈≈≈≈≈≈≈≈≈§...≈≈≈
#....≈≈≈≈≈≈≈≈≈≈≈≈≈≈≈≈≈≈≈§...≈≈≈
#.[......[..........o...§......
[...............@.[.O..)§......
<[[.[.......[...).......§......
[.).....[.[.............°......
.............>......[.§.§.#####
#####..#########.#####§§§.#
#### #.# #.§§.# #.# #.K..# #.#
#..### #.# '..#


You could see an ogre mage, an orc warrior and a gnoll shaman.

Vanquished Creatures
  2 two-headed ogres (D:9)
  Erica (D:9)
  Pikel (D:7)
  A gargoyle (D:7)
  Maggie (D:7)
  3 kobold demonologists (D:9)
  Prince Ribbit (D:7)
  A wyvern (D:8)
  A steam dragon (D:8)
  5 wargs (D:9)
  Edmund (D:6)
  A hell hound (D:9)
  A sky beast (D:5)
  2 orc warriors (D:9)
  A black bear (D:6)
  2 centaurs
  2 ogres
  4 phantoms
  A lemure (D:7)
  2 scorpions (D:6)
  3 necrophages
  2 gnoll sergeants (D:9)
  3 wights (D:9)
  5 howler monkeys
  3 hounds
  3 jellies
  8 orc priests
  5 gnoll shamans (D:9)
  5 iguanas (D:5)
  5 orc wizards
  9 adders
  5 gnolls
  3 white imps
  An ufetubus (D:5)
  2 dart slugs
  39 orcs
  16 ball pythons
  11 endoplasms
  3 giant cockroaches
  5 goblins
  14 hobgoblins
  2 jackals (D:1)
  5 quokkas
  3 bats
  6 frilled lizards
  12 kobolds
  2 rats (D:1)
214 creatures vanquished.

Vanquished Creatures (others)
  A plant (D:9)
1 creature vanquished.

Grand Total: 215 creatures vanquished

Notes
Turn   | Place    | Note
-------+----------+-------------------------------------------
     0 | D:1      | horus123 the Demigod Conjurer began the quest for the Orb.
     0 | D:1      | Reached XP level 1. HP: 14/14 MP: 5/5
   223 | D:1      | Reached XP level 2. HP: 18/20 MP: 1/8
   387 | D:1      | Learned a level 2 spell: Searing Ray
   777 | D:1      | Reached XP level 3. HP: 26/26 MP: 6/10
  1207 | D:2      | Found Fuafum Sopa's Jewellery Boutique.
  1611 | D:2      | Found Coskiaq's Book Shoppe.
  1698 | D:2      | Found Nuso's Magic Scroll Shoppe.
  2118 | D:2      | Found Huepa's Armour Shop.
  2296 | D:2      | Found Runt's Armour Emporium.
  2316 | D:2      | Reached XP level 4. HP: 33/33 MP: 10/12
  2354 | D:2      | Learned a level 4 spell: Iskenderun's Mystic Blast
  2834 | D:3      | Found Plog's Assorted Antiques.
  3284 | D:3      | You fall into a shaft and drop 3 floors!
  3297 | D:5      | Entered Level 5 of the Dungeon
  3320 | D:4      | Reached XP level 5. HP: 38/38 MP: 3/15
  3662 | D:4      | Found a staircase to the Ecumenical Temple.
  3870 | D:4      | Reached skill level 5 in Spellcasting
  4224 | D:4      | Reached skill level 4 in Conjurations
  4333 | D:4      | Reached XP level 6. HP: 43/45 MP: 5/16
  4614 | D:5      | Reached skill level 5 in Conjurations
  4791 | D:5      | Reached skill level 6 in Conjurations
  4859 | D:5      | Reached XP level 7. HP: 50/50 MP: 11/18
  5194 | D:5      | Identified the +8 hand axe "Nuiw" {pain, rElec Will+ rCorr}
  5574 | D:5      | Reached skill level 7 in Conjurations
  5973 | D:6      | Noticed Edmund
  5980 | D:6      | Killed Edmund
  5981 | D:6      | Reached skill level 8 in Conjurations
  6162 | D:6      | Reached skill level 1 in Translocations
  6162 | D:6      | Reached XP level 8. HP: 57/57 MP: 7/19
  7404 | D:7      | Reached skill level 5 in Translocations
  7562 | D:7      | Noticed Pikel
  7573 | D:7      | Killed Pikel
  7574 | D:7      | Reached XP level 9. HP: 56/62 MP: 2/20
  7931 | D:7      | Noticed Prince Ribbit
  7938 | D:7      | Killed Prince Ribbit
  8137 | D:7      | Found Siq Haha's Magic Scroll Emporium.
  8327 | D:7      | Noticed Maggie
  8338 | D:7      | Killed Maggie
  8514 | D:7      | Noticed a gargoyle
  8517 | D:7      | Killed a gargoyle
  8886 | D:2      | Bought a Trismegistus Codex for 336 gold pieces
  8892 | D:2      | Learned a level 5 spell: Freezing Cloud
  8896 | D:2      | Learned a level 3 spell: Ignite Poison
  8900 | D:2      | Learned a level 3 spell: Mephitic Cloud
  9085 | D:8      | Reached skill level 1 in Air Magic
  9877 | D:2      | Bought a book of Vapours for 144 gold pieces
  9880 | D:2      | Learned a level 2 spell: Poisonous Vapours
  9974 | D:9      | Noticed Erica
  9979 | D:9      | Killed Erica
  9980 | D:9      | Noticed a kobold demonologist
 10056 | D:9      | Noticed a soul eater
 10057 | D:9      | Noticed a hellwing
 10117 | D:9      | Reached skill level 5 in Air Magic
 10121 | D:9      | Killed a kobold demonologist
 10122 | D:9      | Reached XP level 10. HP: 62/69 MP: 8/24
 10675 | D:9      | Noticed a two-headed ogre
 10681 | D:9      | Killed a two-headed ogre
 10940 | D:9      | Noticed a two-headed ogre
 10946 | D:9      | Killed a two-headed ogre
 10947 | D:9      | Reached skill level 5 in Ice Magic
 10948 | D:9      | Noticed a centaur warrior
 10954 | D:9      | Noticed a cyclops
 11027 | D:9      | Noticed a rust devil
 11166 | D:9      | Noticed a rust devil
 11444 | D:9      | Reached skill level 1 in Fire Magic
 11592 | D:9      | Noticed an ogre mage
 11601 | D:9      | Paralysed by an ogre mage for 6 turns
 11611 | D:9      | HP: 1/69 [kobold brigand/bolt (6)]
 11613 | D:9      | Killed from afar by an ogre mage

Illustrated notes

Levels and vault maps discovered:
D:1:      tarquinn_simple_flora_water_d, layout_basic, minmay_hexomino_p4
D:2:      layout_basic, serial_shops, shop, nicolae_shop_waterfront,
          nicolae_shop_trees, shop, shop, minmay_mini_jars
D:3:      layout_basic, eat_drink_and_be_merry_uskayaw, general_overflow_altar,
          grunt_gozag_breadcrumbs, mainiacjoe_overflow_swirl, serial_shops,
          shop, dk_noncrumbling_4
D:4:      layout_loops_ring, mainiacjoe_overflow_small_starburst,
          mainiacjoe_overflow_paths, minmay_temple_entry_waves, enter_ossuary_3,
          minmay_fractal_squares_5
D:5:      layout_loops_ring, hangedman_ru_absence, gup_sewer_entry_glass
D:6:      layout_cave_pods, nicolae_overflow_hidden_temple, uniq_edmund
D:7:      layout_loops_cross, serial_shops, nicolae_shop_hallway_stairs,
          uniq_prince_ribbit1, uniq_maggie, uniq_pikel
D:8:      hangedman_cross_veins, layout_loops_ring
D:9:      lemuel_castle_with_subvaults [lemuel_castle_interior_original],
          layout_irregular_city, uniq_grum, uniq_erica

Skill      XL: |  1  2  3  4  5  6  7  8  9 10 |
---------------+-------------------------------+-----
Spellcasting   | 2 3 4 5 7 |  7.1
Conjurations   | 4 6 8 |  8.0
Translocations | 1 6 7 |  7.0
Air Magic      | 5 6 |  6.1
Ice Magic      | 6 |  6.2
Fire Magic     | 2 |  2.1
Dodging        | |  1.7
Stealth        | |  1.7

Action                   |  1- 3 |  4- 6 |  7- 9 | 10-12 || total
-------------------------+-------+-------+-------+-------++-------
Melee: Dagger            |     4 |    17 |       |       ||    21
       Mace              |     1 |       |       |       ||     1
       Hand axe          |       |       |    20 |       ||    20
 Cast: Magic Dart        |    92 |    90 |   101 |    30 ||   313
       Searing Ray       |     2 |    15 |    49 |    13 ||    79
       Iskenderun's Myst |       |       |    14 |     7 ||    21
       Ignite Poison     |       |       |     4 |     4 ||     8
       Mephitic Cloud    |       |       |     3 |    11 ||    14
       Poisonous Vapours |       |       |     2 |       ||     2
       Freezing Cloud    |       |       |       |    18 ||    18
  Use: Scroll            |     8 |     5 |     1 |     4 ||    18
       Potion            |       |       |       |     1 ||     1
Armor: Robe              |     8 |    15 |    29 |    15 ||    67
Dodge: Dodged            |    18 |    15 |    44 |    35 ||   112

Table legend: (Time is in decaauts)
 A = Elapsed time spent in this place.
 B = Non-inter-level travel time spent in this place.
 C = Inter-level travel time spent in this place.
 D = Time resting spent in this place.
 E = Time spent auto-exploring this place.
 F = Levels seen in this place.
 G = Mean time per level.
                   A        B        C        D        E       F      G
               +--------+--------+--------+--------+--------+-----+--------+
         Total |  11646 |  10994 |    652 |   2221 |   7107 |   9 | 1294.0 |
       Dungeon |  11646 |  10994 |    652 |   2221 |   7107 |   9 | 1294.0 |
               +--------+--------+--------+--------+--------+-----+--------+

Top non-repeatable levels by time:
     D:6: 1722 daAuts
     D:8: 1709 daAuts
     D:2: 1314 daAuts
     D:5: 1296 daAuts
     D:7: 1293 daAuts
     D:3: 1194 daAuts
     D:1: 1149 daAuts
     D:4: 1075 daAuts
     D:9: 889 daAuts
